 Dungeon Crawl Stone Soup version 0.19.5 (webtiles) character file.

196 sveltemanboy the Bolt Thrower (level 5, -1/26 HPs)
             Began as a Vine Stalker Hunter on Mar 2, 2017.
             Slain by a water moccasin (3 damage)
             ... on level 4 of the Dungeon.
             The game lasted 00:06:02 (2636 turns).

sveltemanboy the Bolt Thrower (Vine Stalker Hunter) Turns: 2636, Time: 00:06:02

Health: -1/26      AC:  5    Str: 15    XL:     5   Next: 74%
Magic:  0/6        EV: 18    Int: 11    God:
Gold:   126        SH:  0    Dex: 15    Spells: 0 memorised, 4 levels left

rFire  . . .     SeeInvis .     a - +1 hand crossbow
rCold  . . .     Gourm    .     m - +0 ring mail
rNeg   . . .     Faith    .     (no shield)
rPois  .         Spirit   +     (no helmet)
rElec  .         Reflect  .     (no cloak)
rCorr  .         Harm     .     (no gloves)
MR     .....                    (no boots)
Stlth  +.........               (no amulet)
                                (no ring)
                                o - +6 ring of evasion

@: very slightly contaminated, hasted, very quick
A: fangs 2, regeneration 1, magic shield, antimagic bite, no device heal 3, rot
immunity
a: no special abilities


You were on level 4 of the Dungeon.
You were not hungry.

You visited 1 branch of the dungeon, and saw 4 of its levels.

You collected 126 gold pieces.

Inventory:

Hand Weapons
 a - a +1 hand crossbow (weapon)
 b - a +0 short sword
Missiles
 d - 47 bolts (quivered)
Armour
 m - a +0 ring mail (worn)
Jewellery
 o - a +6 ring of evasion (left hand)
Wands
 c - a wand of lightning (5/15)
 t - a wand of random effects (43/48)
 v - a wand of random effects (25/48)
Scrolls
 e - a scroll of noise {unknown}
 h - 2 scrolls of enchant armour {unknown}
 i - 2 scrolls of remove curse {unknown}
 k - 2 scrolls of magic mapping {unknown}
 l - 2 scrolls of teleportation {unknown}
 p - 6 scrolls of identify {unknown}
 w - a scroll of random uselessness {unknown}
Potions
 n - 2 potions of flight {unknown}
 q - a potion of might {unknown}
 r - a potion of haste
Comestibles
 f - 2 bread rations
 j - a meat ration
 s - a beef jerky
 u - a royal jelly


   Skills:
 - Level 2.0 Fighting
 - Level 4.0 Crossbows
 + Level 2.6 Armour
 + Level 3.2 Dodging
 - Level 1.2 Stealth
 + Level 0.3 Evocations


You had 4 spell levels left.
You didn't know any spells.

Dungeon Overview and Level Annotations

Branches:
Dungeon (4/15)
 Temple: D:4-7

Altars:
Ashenzari
Fedhas
Sif Muna
The Shining One

Shops:
D:4 *


Innate Abilities, Weirdness & Mutations

You have extremely sharp teeth.
Your natural rate of healing is unusually fast.
When hurt, damage is shared between your health and your magic reserves.
Your bite disrupts and absorbs the magic of your enemies.
Potions and wands cannot restore your health.
You are immune to rotting.


Message History

The water moccasin is almost dead.
You feel sick. The water moccasin bites you.
* * * LOW HITPOINT WARNING * * *
You are lethally poisoned!
The water moccasin poisons you! The adder closely misses you.
The water moccasin misses you.
It was a potion of curing.
Your system rejects the healing.
You feel better. The adder closely misses you. The water moccasin bites you!
* * * LOW HITPOINT WARNING * * *
You are lethally poisoned!
The water moccasin poisons you! The adder closely misses you.
It was a potion of haste.
You feel yourself speed up.
* * * LOW HITPOINT WARNING * * *
You feel sick.
The water moccasin bites you but does no damage.
The adder closely misses you. The water moccasin barely misses you.
You are very lightly contaminated with residual magic.
Your system rejects the healing.
You feel better. The adder barely misses you. The water moccasin bites you.
You die...

########...###...##...#
#.......#...###...##...#
.......#..........#...#
......#....##......#..
#####.....#.....##.....#..
#..(#.....#......##....#..
+.∩.((....#####...##...#..
#.S.###...#....##..#..
###...#@..........##.#..
########.....SS...........#####
###............#(...........#...+
...............#####..#######._.#
..........###### ##........#...#
..........# #.>......######
..........# #.......## #
..........# +......##
..........###+###+###+..##


You could see a water moccasin and an adder.

Vanquished Creatures
  9 adders
  4 gnolls (D:2)
  3 worms (D:2)
  A dart slug (D:1)
  3 leopard geckos
  An orc (D:3)
  2 ball pythons
  A giant cockroach (D:3)
  6 goblins
  9 hobgoblins
  2 jackals (D:3)
  9 kobolds
  A quokka (D:3)
  7 bats
  2 frilled lizards
  8 rats
68 creatures vanquished.

Notes
Turn   | Place    | Note
-------+----------+-------------------------------------------
     0 | D:1      | sveltemanboy the Vine Stalker Hunter began the quest for the Orb.
     0 | D:1      | Reached XP level 1. HP: 11/11 MP: 2/2
   148 | D:1      | Reached XP level 2. HP: 15/15 MP: 3/3
   368 | D:1      | Reached skill level 1 in Armour
   466 | D:1      | Reached XP level 3. HP: 18/18 MP: 4/4
   893 | D:2      | Reached skill level 4 in Crossbows
  1090 | D:2      | Gained mutation: Your natural rate of healing is unusually fast. [Vine Stalker growth]
  1090 | D:2      | Reached XP level 4. HP: 20/23 MP: 5/5
  1192 | D:2      | Reached XP level 5. HP: 26/26 MP: 6/6
  1682 | D:2      | You fall through a shaft!
  1706 | D:3      | Found a deep blue altar of Sif Muna.
  1706 | D:3      | Found a blossoming altar of Fedhas.
  1707 | D:3      | Found a glowing golden altar of the Shining One.
  2557 | D:4      | Found a shattered altar of Ashenzari.
  2619 | D:4      | Found Jacyo's Serpentskin Sales.
  2619 | D:4      | Noticed a water moccasin
  2635 | D:4      | HP: 1/26 [poisoned by a water moccasin]
  2636 | D:4      | Slain by a water moccasin

Skill      XL: |  1  2  3  4  5 |
---------------+----------------+-----
Fighting       | 2 |  2.0
Armour         | 1 2 |  2.6
Crossbows      | 4 |  4.0
Dodging        | 2 3 |  3.2
Stealth        | |  1.2
Evocations     | |  0.3

Action                   |  1- 3 |  4- 6 || total
-------------------------+-------+-------++-------
Melee: Short sword       |    19 |    26 ||    45
       Bite              |     4 |     6 ||    10
 Fire: Hand crossbow     |    76 |    91 ||   167
  Use: Potion            |       |     3 ||     3
  Eat: Chunk             |       |     5 ||     5
Armor: Leather armour    |     1 |       ||     1
       Ring mail         |     5 |    25 ||    30
Dodge: Dodged            |    27 |    82 ||   109
